 Dungeon Crawl Stone Soup version 0.30.1-6-gbe392663c4 (webtiles) character file.

Game seed: 2375247404267908923

670 boopmooplesden the Slasher (level 7, -4/62 HPs)
             Began as an Armataur Berserker on Sept 21, 2023.
             Was a Believer of Trog.
             Killed by divine providence
             ... invoked by an orc priest
              (11 damage)
             ... on level 5 of the Dungeon.
             The game lasted 00:05:13 (4457 turns).

boopmooplesden the Slasher (Armataur Berserker)     Turns: 4457, Time: 00:05:14

Health: -4/62      AC: 11    Str: 24    XL:     7   Next: 32%
Magic:  7/7        EV:  7    Int:  8    God:    Trog [**....]
Gold:   318        SH:  0    Dex:  9    Spells: 6/6 levels left

rFire   . . .        a - +0 falchion
rCold   . . .        (no shield)
rNeg    . . .        c - +1 chain mail
rPois   +            g - +0 helmet
rElec   .            (no cloak)
rCorr   .            (no gloves)
SInv    .            (no barding)
Will    .....        (no amulet) Stlth
                     k - ring of poison resistance
HPRegen 0.30/turn    (no ring)
MPRegen 0.10/turn

%: roll
@: on berserk cooldown, slowed, very slow
A: large, rugged brown scales 3, deformed body, armoured tail, roll, long
tongue, awkward tongue
a: Renounce Religion, Berserk, Trog's Hand


You were on level 5 of the Dungeon.
You worshipped Trog.
Trog was pleased with you.
You visited 1 branch of the dungeon, and saw 5 of its levels.

You collected 318 gold pieces.

Inventory:

Hand Weapons
 a - a +0 falchion (weapon)
Missiles
 b - a throwing net (quivered)
 m - 2 silver javelins
Armour
 c - a +1 chain mail (worn)
 g - a +0 helmet (worn)
Jewellery
 k - a ring of poison resistance (left hand)
 l - an amulet of the acrobat
Scrolls
 f - 2 scrolls of identify
 h - a scroll of poison
 o - a scroll of teleportation
 p - a scroll of fog
Potions
 d - a potion of cancellation {unknown}
 i - a potion of might {unknown}
 j - 4 potions of curing
 n - 2 potions of haste {unknown}
 q - a potion of mutation {unknown}
 r - a potion of lignification {unknown}


   Skills:
 + Level 3.7 Fighting
 + Level 5.8 Long Blades
 + Level 5.5 Armour
 + Level 2.2 Dodging


You had 6 spell levels left.
You didn't know any spells.
Your spell library was empty.

Dungeon Overview and Level Annotations

Branches:
Dungeon (5/15)
 Temple: D:4-7

Altars:
Dithmenos
Kikubaaqudgha
Qazlal
Wu Jian
Xom
The Shining One


Innate Abilities, Weirdness & Mutations

You are completely covered in rugged brown scales. (AC +3, +7% HP)
Armour fits poorly on your strangely shaped body.
You have a long armoured tail.
You roll when moving toward enemies. (Rampage)
Your long tongue fully drains potion bottles. (2x potion effects)
Your tongue gives you trouble enunciating. (1.5x scroll delay)


Message History

You tail-slap the orc priest.
The orc priest is moderately wounded.
The orc priest mumbles some strange prayers to Beogh against you.
Pain shoots through your body!
You hit the orc priest.
Your tail-slap misses the orc priest.
The orc priest is heavily wounded.
The orc priest hits you but does no damage. x2
The orc priest barely misses you.
You hit the orc priest but do no damage.
The orc priest is heavily wounded.
The orc priest hits you but does no damage.
The orc priest hits you with a +0 hand axe.
The orc priest barely misses you.
The orc priest calls down the wrath of Beogh upon you.
Beogh smites you!
* * * LOW HITPOINT WARNING * * *
You barely miss the orc priest. You tail-slap the orc priest!
The orc priest is almost dead.
The orc priest hits you but does no damage.
The orc priest casts a cantrip, but nothing happens.
You barely miss the orc priest.
Your tail-slap misses the orc priest.
The orc priest is almost dead.
The orc priest mumbles some strange prayers to Beogh against you.
Pain shoots through your body!
* * * LOW HITPOINT WARNING * * *
The orc priest completely misses you.
The orc priest hits you but does no damage.
The orc priest hits you with a +0 club.
* * * LOW HITPOINT WARNING * * *
You barely miss the orc priest.
The orc priest is almost dead.
The orc priest looks braver for a moment.
The orc priest hits you but does no damage.
You closely miss the orc priest.
You tail-slap the orc priest, but do no damage.
The orc priest is almost dead.
The orc priest hits you but does no damage.
The orc priest calls down the wrath of Beogh upon you.
Beogh smites you!
You die...

#........# #.....##.#
#.....##.# # #.....##.# #
########.## ## #..#
#####. ###.# ####⌠...o
#...### ###..#.....
#..o@.## ##....#....o
#..o#).###.....##.o##
#.....##.##.......#..oo
........##.#........#...o
###.....##..........###..
.......####.#.......)###
.8.§.#### #.##.......)..
...≈. #..###........
§.§≈. ##..####......


You could see 2 orc priests.

Vanquished Creatures
  An ice beast (D:5)
  2 ogres (D:5)
  A phantom (D:5)
  2 hounds (D:5)
  2 jellies
  An iguana (D:5)
  Robin (D:4)
  9 adders
  An ufetubus (D:4)
  2 dart slugs
  12 orcs
  5 bats
  7 endoplasms
  3 giant cockroaches
  14 goblins
  9 hobgoblins
  3 quokkas
  5 ball pythons
  2 frilled lizards (D:2)
  4 kobolds
  A rat (D:1)
  A spectral hobgoblin (D:2)
88 creatures vanquished.

Notes
Turn   | Place    | Note
-------+----------+-------------------------------------------
     0 | D:1      | boopmooplesden the Armataur Berserker began the quest for
                  | the Orb.
     0 | D:1      | Reached XP level 1. HP: 19/19 MP: 1/1
   576 | D:2      | Found a glowing golden altar of the Shining One.
   584 | D:2      | Reached XP level 2. HP: 26/26 MP: 2/2
   792 | D:2      | Reached XP level 3. HP: 26/32 MP: 3/3
   910 | D:2      | Found a faded altar of an unknown god.
  1408 | D:3      | Found an ancient bone altar of Kikubaaqudgha.
  1414 | D:3      | Reached ** piety under Trog
  1526 | D:3      | Reached XP level 4. HP: 34/40 MP: 4/4
  1655 | D:3      | Found a shimmering altar of Xom.
  2379 | D:4      | Noticed Robin
  2398 | D:4      | Killed Robin
  2399 | D:4      | Reached XP level 5. HP: 17/48 MP: 5/5
  2543 | D:4      | Found a stormy altar of Qazlal.
  2692 | D:4      | Found a shadowy altar of Dithmenos.
  3371 | D:5      | Entered Level 5 of the Dungeon
  3430 | D:5      | Reached *** piety under Trog
  3435 | D:5      | Found an ornate altar of the Wu Jian Council.
  3586 | D:5      | Noticed an ogre
  3587 | D:5      | Noticed an ogre
  3593 | D:5      | Killed an ogre
  3594 | D:5      | Reached skill level 5 in Long Blades
  3594 | D:5      | Reached XP level 6. HP: 34/54 MP: 6/6
  3898 | D:5      | Reached skill level 5 in Armour
  3898 | D:5      | Reached XP level 7. HP: 42/60 MP: 7/7
  4440 | D:5      | HP: 3/62 [orc priest/divine providence (10)]
  4457 | D:5      | Killed from afar by an orc priest

Illustrated notes

Levels and vault maps discovered:
D:1:      spicycebolla_arrival_xxxplode, layout_rooms
D:2:      layout_loops_cross, dreamdust_ecumenical_altar_drowned_temple,
          basic_altar
D:3:      layout_rooms, lemuel_doored_altar, kiku_gazebo_pond_becter
D:4:      layout_basic, nicolae_overflow_hidden_temple,
          grunt_dithmenos_smoke_and_mirrors, uniq_robin
D:5:      kennysheep_spiral_hall, layout_basic, mainiacjoe_overflow_catwalk,
          mainiacjoe_overflow_alcove_4, nicolae_wu_jian_wuxing_cycle

Skill      XL: |  1  2  3  4  5  6 |
---------------+-------------------+-----
Long Blades    | 3 4 5 |  5.8
Fighting       | 3 |  3.7
Armour         | 3 4 5 |  5.5
Dodging        | 2 |  2.2

Action                     |  1- 3 |  4- 6 |  7- 9 || total
---------------------------+-------+-------+-------++-------
  Melee: Falchion          |   113 |   226 |    45 ||   384
         Tailslap          |    15 |    24 |     9 ||    48
         Punch             |     1 |     1 |       ||     2
 Invoke: Berserk           |       |     2 |     3 ||     5
         Trog's Hand       |       |       |     1 ||     1
    Use: Scroll            |     2 |     7 |     2 ||    11
         Potion            |       |       |     3 ||     3
 Armour: Animal skin       |     9 |       |       ||     9
         Chain mail        |    84 |   123 |    50 ||   257
  Dodge: Dodged            |    45 |   103 |    21 ||   169
